 Dungeon Crawl Stone Soup version 0.25-a0-613-gf4b266557c (webtiles) character file.

Game seed: 13690188216057584645, levelgen mode: deterministic

4181 Mobile the Fighter (level 10, -1/76 HPs)
             Began as an Octopode Wanderer on Mar 17, 2020.
             Was an Initiate of Gozag.
             Slain by a meliai
             ... wielding a +0 hand axe
              (7 damage)
             ... on level 8 of the Dungeon.
             The game lasted 00:21:18 (10633 turns).

Mobile the Fighter (Octopode Wanderer)             Turns: 10633, Time: 00:21:20

Health: -1/76      AC:  1    Str: 14    XL:     10   Next: 28%
Magic:  14/14      EV: 17    Int: 20    God:    Gozag
Gold:   141        SH:  5    Dex: 11    Spells: 15/15 levels left

rFire    . . .     SeeInvis .   F - +1 whip (elec)
rCold    . . .     Gourm    .   d - +0 buckler
rNeg     . . .     Faith    .   (helmet restricted)
rPois    .         Spirit   .   (no amulet)
rElec    .         Reflect  .   p - ring of stealth
rCorr    .         Harm     .   I - +4 ring of intelligence (curse)
MR       .....                  (no ring)
Stlth    +++.......             (no ring)
HPRegen  0.22/turn              (no ring)
MPRegen  0.14/turn              (no ring)
                                (no ring)
                                (no ring)

@: gold aura
A: almost no armour, stealthy swim, amphibious, 8 rings, constrict 8, camouflage
1, gelatinous body 1
a: Potion Petition, Call Merchant, Bribe Branch, Renounce Religion


You were on level 8 of the Dungeon.
You worshipped Gozag.
Gozag was aware of your devotion.
You were not hungry.

You visited 2 branches of the dungeon, and saw 9 of its levels.

You collected 477 gold pieces.
You spent 175 gold pieces at shops.
You paid 161 gold pieces to Gozag.

Inventory:

Hand Weapons
 a - a +2 mace
 b - a +0 hand crossbow
 q - a +4 whip
 A - a +1 whip of freezing
 E - a -1 scimitar
 F - a +1 whip of electrocution (weapon)
Missiles
 c - 63 bolts
 C - 6 javelins (quivered)
Armour
 d - a +0 buckler (worn)
Magical Staves
 H - an uncursed staff of earth
Jewellery
 p - a ring of stealth (left tentacle)
 I - a cursed +4 ring of intelligence (right tentacle)
Wands
 y - a wand of clouds (1)
 z - a wand of flame (21)
 D - a wand of polymorph (7)
Scrolls
 e - 4 scrolls of identify
 g - 3 scrolls of teleportation
 h - a scroll of magic mapping
 j - 2 scrolls of amnesia
 m - a scroll of blinking
 n - 3 scrolls of enchant weapon
 s - 8 scrolls of remove curse
 v - 2 scrolls of immolation
 w - a scroll of fog
 B - 2 scrolls of fear
 G - a scroll of brand weapon {unknown}
Potions
 i - 3 potions of curing
 l - 4 potions of haste
 o - a potion of stabbing {unknown}
 r - a potion of flight
 t - 2 potions of lignification
 u - a potion of degeneration
 x - 2 potions of heal wounds
Comestibles
 f - 4 rations


   Skills:
 + Level 9.8 Fighting
 - Level 3.0 Maces & Flails
 - Level 1.0 Throwing
 * Level 7.8 Dodging
 - Level 7.8 Shields
 - Level 3.0 Spellcasting


You had 15 spell levels left.
You didn't know any spells.
Your spell library contained the following spells:

 Spells                   Type           Power        Failure   Level  Hunger
 Summon Small Mammal      Summ           #...         14%         1    None
 Call Imp                 Summ           #.......     22%         2    ##.....
 Call Canine Familiar     Summ           #.......     38%         3    ###....
 Summon Guardian Golem    Hex/Summ       #.......     38%         3    ###....
 Summon Ice Beast         Ice/Summ       #.......     80%         4    ####...
 Summon Lightning Spire   Summ/Air       #.......     80%         4    ####...


Dungeon Overview and Level Annotations

Branches:
Dungeon (8/15)             Temple (1/1) D:4
   Lair: D:8-11

Altars:
Ashenzari
Cheibriados
Dithmenos
Fedhas
Gozag
Hepliaklqana
Makhleb
Qazlal
Sif Muna
Uskayaw
Wu Jian
Zin

Shops:
D:4 ==:   D:6 (   D:7 !

Annotations:
D:8 Gastronok


Innate Abilities, Weirdness & Mutations

You cannot wear most types of armour.
You are very stealthy in the water. (Stealth+)
You are amphibious.
You can wear up to eight rings at the same time.
You can use your tentacles to constrict eight enemies at once.
Your skin changes colour to match your surroundings (Stealth+).
Your rubbery body absorbs attacks. (AC +1, EV +1)


Message History

The meliai is almost dead.
You block the meliai's attack. The meliai stings you!
The meliai hits you but does no damage. You block the meliai's attack.
You hit the meliai but do no damage. You grab the meliai.
The meliai is almost dead.
You constrict the meliai. The meliai hits you with a +0 hand axe.
The meliai barely misses you. x2; You block the meliai's attack.
You hit the meliai.
You kill the meliai!
You now have 141 gold pieces (gained 6).
Things that are here:
a +0 hand axe; a +0 leather armour The meliai buzzes angrily.
The meliai hits you with a +0 hand axe!
* * * LOW HITPOINT WARNING * * *
The meliai stings you!
* * * LOW HITPOINT WARNING * * *
The meliai hits you with a +0 hand axe!
You die...
Your body crumbles into a pile of gold.

#.#.# #..##.#.... #.#.#
#........## #.#.# #.###.#..##
#.#.# #.# #.#....
#############.#.#######.###.#)...
.................................
####...####.#.#..##.##...........
..............#.y................
.###...####.#.)#@#...#...########
.# ##### #.#......#............#
.# #######.##.#.#.#...[#######.#
.# #.................<.# #...#.#
## #.#.....###..####...# #.#.#.#
#.#.................###.#.#.#
#.#....####[.###......#.#.#..
#.#..........).#......#.#.###
#.#####.#....#........#......


You could see a meliai.

Vanquished Creatures
  Pikel (D:5)
  Prince Ribbit (D:7)
  2 meliai (D:8)
  2 hippogriffs
  Eustachio (D:4)
  2 hungry ghosts
  An ice beast (D:7)
  3 ogres
  3 slaves
  2 phantoms
  5 centaurs
  Blork the orc (D:4)
  3 bullfrogs
  2 scorpions
  4 killer bees (D:8)
  3 crimson imps
  2 bullfrog zombies
  3 centaur zombies (D:5)
  A quasit (D:8)
  2 hounds
  A gnoll shaman (D:7)
  7 worker ants
  An iguana (D:7)
  A hound zombie (D:5)
  2 hound skeletons
  3 worker ant zombies (D:5)
  Robin (D:3)
  7 gnolls
  8 adders
  2 shadow imps (D:5)
  2 oozes
  3 adder skeletons
  A worm (D:3)
  2 dart slugs (D:2)
  6 leopard geckos (D:6)
  13 orcs
  3 bats
  3 giant cockroaches
  11 goblins
  6 hobgoblins
  4 quokkas
  A ball python (D:2)
  A ball python zombie (D:5)
  4 frilled lizards
  A jackal zombie (D:8)
  7 kobolds
  A leopard gecko zombie (D:5)
  A quokka zombie (D:5)
  14 rats
161 creatures vanquished.

Vanquished Creatures (others)
  A centaur zombie (D:5)
  A jelly (D:5)
  A hound zombie (D:5)
  A leopard gecko skeleton (D:5)
  A quokka skeleton (D:5)
5 creatures vanquished.

Grand Total: 166 creatures vanquished

Notes
Turn   | Place    | Note
-------+----------+-------------------------------------------
     0 | D:1      | Mobile the Octopode Wanderer began the quest for the Orb.
     0 | D:1      | Mobile set off with the following items: a +2 mace, a +0
                  | hand crossbow, 25 bolts, a +0 buckler, a ration
     0 | D:1      | Reached XP level 1. HP: 14/14 MP: 4/4
   357 | D:1      | Reached XP level 2. HP: 9/20 MP: 6/6
  1331 | D:2      | Reached XP level 3. HP: 25/25 MP: 7/7
  1503 | D:2      | Reached skill level 3 in Fighting
  2008 | D:2      | Found a shadowy altar of Dithmenos.
  2008 | D:2      | Found a stormy altar of Qazlal.
  2079 | D:3      | Reached XP level 4. HP: 13/31 MP: 8/8
  2647 | D:3      | Found a shattered altar of Ashenzari.
  3005 | D:3      | Noticed Robin
  3289 | D:3      | Killed Robin
  3289 | D:3      | Reached XP level 5. HP: 36/37 MP: 9/9
  3393 | D:4      | Found Reett's Jewellery Shop.
  3394 | D:4      | Found Diynun's Jewellery Emporium.
  3396 | D:4      | Noticed Eustachio
  3455 | D:4      | Killed Eustachio
  3455 | D:4      | Reached skill level 4 in Fighting
  3455 | D:4      | Reached XP level 6. HP: 21/44 MP: 10/10
  3699 | D:4      | Found Coodoz's Book Emporium.
  3739 | D:4      | Found a staircase to the Ecumenical Temple.
  3929 | D:4      | Reached skill level 5 in Fighting
  4087 | D:4      | Found a glowing silver altar of Zin.
  4124 | D:4      | Reached skill level 5 in Shields
  4124 | D:4      | Reached XP level 7. HP: 5/50 MP: 11/11
  4445 | D:4      | Noticed Blork the orc
  4459 | D:4      | Killed Blork the orc
  4646 | D:4      | Found a shimmering blue altar of Sif Muna.
  4674 | D:5      | Entered Level 5 of the Dungeon
  4875 | D:5      | Reached skill level 6 in Fighting
  5854 | D:5      | Noticed Pikel
  5886 | D:5      | Killed Pikel
  5886 | D:5      | Reached skill level 7 in Fighting
  5886 | D:5      | Reached XP level 8. HP: 16/60 MP: 12/12
  6214 | D:5      | HP: 1/60 [bullfrog zombie (4)]
  7216 | D:6      | Found Odunatar's Antique Weapon Shop.
  7223 | D:6      | Reached skill level 8 in Fighting
  7469 | D:6      | Bought a glowing scimitar for 175 gold pieces
  7580 | D:6      | Reached skill level 1 in Dodging
  7580 | D:6      | Reached XP level 9. HP: 39/66 MP: 13/13
  8263 | D:7      | Found Teguchaj's Distillery.
  8782 | D:7      | Reached skill level 5 in Dodging
  9152 | D:7      | Noticed Prince Ribbit
  9163 | D:7      | Killed Prince Ribbit
  9163 | D:7      | Reached skill level 9 in Fighting
  9692 | D:8      | Reached XP level 10. HP: 64/74 MP: 14/14
 10122 | Temple   | Entered the Ecumenical Temple
 10144 | Temple   | Became a worshipper of Gozag Ym Sagoz the Greedy
 10590 | D:8      | Noticed Gastronok
 10633 | D:8      | Slain by a meliai

Levels and vault maps discovered:
D:1:      dpeg_arrival_connections, layout_loops_ring, solitary_fountain,
          fountainhead, minmay_misc_feat_diagonals, kennysheep_nondescript,
          minmay_nonomino_d4
D:2:      layout_loops_ring, amethyst_overflow_temple_binary,
          minmay_rat_gold_closets
D:3:      layout_loops_corners, old_standard_altar, uniq_robin
D:4:      layout_basic, tgw_sif, zin_academy, minmay_temple_entry_poolview,
          serial_shops, nicolae_shop_stone, nicolae_shop_crystal, shop,
          uniq_eustachio
D:5:      layout_loops_ring, serial_undead, serial_undead_c, serial_undead_a,
          serial_undead_f, serial_undead_a, first_ration, uniq_pikel
D:6:      layout_basic, serial_shops, nicolae_shop_waterfront
D:7:      cheibrodos_quashed, layout_loops_ring, serial_shops, shop,
          uniq_prince_ribbit1
D:8:      layout_basic, lemuel_round_altar, uniq_gastronok
Temple:   kb_temple_of_zot

Skill      XL: |  1  2  3  4  5  6  7  8  9 10 |
---------------+-------------------------------+-----
Shields        | 2 3 4 5 6 7 |  7.8
Fighting       | 3 4 5 7 8 9 |  9.8
Dodging        | 1 6 7 |  7.8
Maces & Flails | |  3.0
Throwing       | |  1.0
Spellcasting   | |  3.0

Action                   |  1- 3 |  4- 6 |  7- 9 | 10-12 || total
-------------------------+-------+-------+-------+-------++-------
Melee: Mace              |    70 |     8 |       |       ||    78
       Constrict         |    18 |    22 |    48 |     7 ||    95
       Tentacles         |     6 |    12 |    59 |    10 ||    87
       Whip              |       |    73 |   273 |    52 ||   398
       Scimitar          |       |       |    31 |       ||    31
Throw: Javelin           |       |       |     9 |       ||     9
Evoke: Wand              |       |     1 |     2 |       ||     3
  Use: Potion            |       |       |     2 |     2 ||     4
       Scroll            |       |       |    17 |     1 ||    18
 Stab: Sleeping          |    10 |     6 |    15 |     1 ||    32
       Distracted        |       |       |     1 |       ||     1
       Invisible         |       |       |       |     2 ||     2
  Eat: Chunk             |     3 |     7 |    13 |       ||    23
       Ration            |       |       |     2 |     1 ||     3
Armor: Skin              |     7 |     4 |     8 |     1 ||    20
Dodge: Dodged            |    26 |    37 |   138 |    52 ||   253
Block: Buckler           |    14 |    10 |    60 |    26 ||   110
       Rpst.: Scimitar   |       |       |     3 |       ||     3

Table legend:
 A = Non-vault XP
 B = Vault XP
 C = Vault XP percentage of total XP
 D = Non-vault monster count
 E = Vault monster count
 F = Vault count percentage of total count
                 A         B        C        D         E       F
            +---------+---------+-------+---------+---------+-------
      Total |    4462 |    1511 |  25.3 |     117 |      43 |  26.9
            +---------+---------+-------+---------+---------+-------
        D:1 |      20 |       9 |  31.0 |      13 |       5 |  27.8
        D:2 |      38 |       9 |  19.1 |      10 |       9 |  47.4
        D:3 |      61 |      32 |  34.4 |      13 |      11 |  45.8
        D:4 |     276 |     302 |  52.2 |       7 |       2 |  22.2
        D:5 |     272 |     873 |  76.2 |       8 |      15 |  65.2
        D:6 |     765 |       0 |   0.0 |      23 |       0 |   0.0
        D:7 |    1357 |     286 |  17.4 |      26 |       1 |   3.7
        D:8 |    1673 |       0 |   0.0 |      17 |       0 |   0.0
            +---------+---------+-------+---------+---------+-------
